 Dungeon Crawl Stone Soup version 0.31.0-11-ge490571c62 (webtiles) character file.

Game seed: 3009989295273404065

2466 hawla the Thaumaturge (level 9, -1/47 HPs)
             Began as a Deep Elf Fire Elementalist on Feb 11, 2024.
             Slain by a phantom (4 damage)
             ... on level 7 of the Dungeon.
             The game lasted 00:13:23 (6454 turns).

hawla the Thaumaturge (Deep Elf Fire Elementalist)  Turns: 6454, Time: 00:13:24

Health: -1/47      AC:  2    Str:  5    XL:     9   Next: 26%
Magic:  2/33       EV: 14    Int: 25    God:
Gold:   157        SH:  0    Dex: 15    Spells: 19/26 levels left

rFire   . . .        p - +4 short sword
rCold   . . .        (no shield)
rNeg    . . .        a - +0 robe
rPois   .            (no helmet)
rElec   .            o - scarf {repulsion}
rCorr   .            (no gloves)
SInv    +            (no boots)
Will    .....        (no amulet)
Stlth   +++          g - ring of magical power
HPRegen 0.27/turn    h - ring of see invisible
MPRegen 0.23/turn

%: repel missiles
@: very slightly contaminated
A: see invisible, wild magic 1, devolution 1
a: no special abilities


You were on level 7 of the Dungeon.
You visited 1 branch of the dungeon, and saw 7 of its levels.
You also visited: Ossuary.

You collected 289 gold pieces.
You spent 132 gold pieces at shops.

Inventory:

Hand Weapons
 p - a +4 short sword (weapon)
 z - a +4 great sword
Armour
 a - a +0 robe (worn)
 o - a scarf of repulsion (worn)
Jewellery
 c - a +6 ring of strength
 d - a +6 ring of strength
 g - a ring of magical power (left hand)
 h - a ring of see invisible (right hand)
 k - a +6 ring of strength
Talismans
 q - a maw talisman
Wands
 v - a wand of iceblast (10)
 w - a wand of mindburst (10)
Scrolls
 j - 10 scrolls of teleportation
 n - a scroll of immolation
 r - a scroll of identify
 s - a scroll of blinking
 u - a scroll of poison
 y - a scroll of fear
Potions
 b - a potion of magic
 e - a potion of might
 f - a potion of enlightenment
 i - 2 potions of lignification
 l - a potion of heal wounds
 m - 3 potions of curing
 t - 2 potions of attraction


   Skills:
 - Level 1.0 Fighting
 + Level 5.2 Short Blades
 - Level 5.0 Dodging
 - Level 5.0 Stealth
 - Level 9.0 Spellcasting
 - Level 3.0 Conjurations
 - Level 6.0 Fire Magic
 + Level 5.2 Shapeshifting


You had 19 spell levels left.
You knew the following spells:

 Your Spells              Type           Power      Damage    Failure   Level
a - Foxfire               Conj/Fire      100%       2x1d9     1%          1
b - Scorch                Fire           100%       2d9       1%          2
c - Flame Wave            Conj/Fire      43%        2d11      13%         4

Your spell library contained the following spells:

 Spells                   Type           Power      Damage    Failure   Level
 Inner Flame              Hex/Fire       34%        N/A       8%          3
 Volatile Blastmotes      Fire/Tloc      68%        2d15      8%          3
 Call Imp                 Summ           28%        N/A       13%         2
 Sublimation of Blood     Necr           14%        N/A       13%         2
 Summon Hydra             Summ           7%         N/A       100%        7


Dungeon Overview and Level Annotations

Branches:
Dungeon (7/15)            Ossuary (visited)
 Temple: D:4-7

Altars:
Hepliaklqana

Shops:
D:4 *


Innate Abilities, Weirdness & Mutations

You have supernaturally acute eyesight. (SInv)
Your spells are a little harder to cast, but a little more powerful.
You have hidden genetic defects.


Message History

Casting: Scorch (safe; 1% risk of failure)
Confirm with . or Enter, or press ? or * to list all spells.
You conjure some foxfire!
The bullfrog hits you.
* * * LOW HITPOINT WARNING * * *
A phantom comes into view.
The centaur closely misses you. The centaur kicks you.
* * * LOW HITPOINT WARNING * * *
You feel much better.
The foxfire hits the centaur!
The centaur is almost dead.
The foxfire hits the centaur but does no damage.
The centaur is almost dead.
The bullfrog misses you. The centaur hits you. The centaur barely misses you.
The bullfrog barely misses you.
Casting: Foxfire (safe; 1% risk of failure)
Confirm with . or Enter, or press ? or * to list all spells.
Casting: Flame Wave (quite dangerous; 13% risk of failure)
Press: ? - help, Dir - look around, f - activate You miscast Flame Wave.
You are very lightly contaminated with residual magic.
Nothing appears to happen.
The centaur hits you. The centaur kicks you. The bullfrog hits you!
Unknown command.
Casting: Flame Wave (quite dangerous; 13% risk of failure)
Confirm with . or Enter, or press ? or * to list all spells.
You conjure some foxfire!
The bullfrog is no longer more vulnerable to fire.
The bullfrog hits you. The bullfrog completely misses you.
You puncture the bullfrog!
You kill the bullfrog!
The foxfire hits the wyvern.
The wyvern is lightly wounded.
The foxfire hits the centaur.
You kill the centaur!
The wyvern bites you. The wyvern barely misses you.
You barely miss the wyvern.
The wyvern is lightly wounded.
The wyvern bites you!
* * * LOW HITPOINT WARNING * * *
The phantom hits you.
You die...

##...#...
##.......
........
#......
###.....#
#.....$)
#..kW##
#..@ยง#
####..## #.
##......##...
#...#..<.....
###........##
#.<........
#..........#
#..##.....#.
##.# #..###


You could see a wyvern and a phantom.

Vanquished Creatures
  A hornet (D:7)
  A water moccasin (D:6)
  A black bear (D:6)
  An ice beast (D:5)
  A centaur (D:7)
  A phantom (D:5)
  Blork the orc (D:5)
  3 scorpions
  A bullfrog (D:7)
  2 burial acolytes (Ossuary)
  7 wights
  3 bombardier beetles
  2 howler monkeys (D:6)
  4 hounds
  A jelly (D:4)
  7 orc priests
  4 iguanas
  A sleepcap (D:5)
  8 orc wizards
  5 adders
  2 shadow imps
  2 ufetubi (D:7)
  An adder skeleton (Ossuary)
  24 orcs
  7 ball pythons
  8 bats
  6 endoplasms
  5 giant cockroaches
  9 hobgoblins
  6 jackals
  6 kobolds
  2 quokkas
  3 ball python skeletons (Ossuary)
  3 frilled lizards
  6 goblins
  4 hobgoblin skeletons (Ossuary)
  An orc skeleton (Ossuary)
  4 rats
  A spectral kobold (D:6)
155 creatures vanquished.

Vanquished Creatures (others)
  282 foxfires
282 creatures vanquished.

Grand Total: 437 creatures vanquished

Notes
Turn   | Place    | Note
-------+----------+-------------------------------------------
     0 | D:1      | hawla the Deep Elf Fire Elementalist began the quest for
                  | the Orb.
     0 | D:1      | Reached XP level 1. HP: 10/10 MP: 6/6
   266 | D:1      | Reached skill level 1 in Fighting
   354 | D:1      | Reached XP level 2. HP: 16/16 MP: 6/8
   530 | D:1      | Learned a level 2 spell: Scorch
  1441 | D:2      | Reached XP level 3. HP: 20/20 MP: 9/9
  1709 | D:2      | Found a faded altar of an unknown god.
  2059 | D:3      | Reached XP level 4. HP: 25/25 MP: 8/10
  2389 | D:3      | Reached XP level 5. HP: 8/29 MP: 6/11
  3254 | D:4      | Reached skill level 5 in Dodging
  3254 | D:4      | Reached skill level 5 in Stealth
  3325 | D:4      | Learned a level 4 spell: Flame Wave
  3419 | D:4      | Reached XP level 6. HP: 34/34 MP: 12/12
  3788 | D:4      | Found Xecoris's Neck Hole.
  3795 | D:4      | Bought a scarf of repulsion for 132 gold pieces
  3969 | D:5      | Entered Level 5 of the Dungeon
  3992 | D:5      | Reached skill level 5 in Fire Magic
  4065 | D:5      | Noticed an ice beast
  4075 | D:5      | Killed an ice beast
  4186 | D:5      | Reached XP level 7. HP: 36/38 MP: 13/13
  4188 | D:5      | Reached skill level 4 in Spellcasting
  4527 | D:5      | Reached skill level 5 in Spellcasting
  4564 | D:5      | Reached skill level 6 in Spellcasting
  4996 | D:5      | Reached skill level 7 in Spellcasting
  5028 | D:5      | Noticed Blork the orc
  5036 | D:5      | Killed Blork the orc
  5037 | D:5      | Reached XP level 8. HP: 35/43 MP: 19/21
  5258 | D:6      | Reached skill level 8 in Spellcasting
  5262 | D:6      | Reached skill level 9 in Spellcasting
  5469 | D:6      | Reached skill level 1 in Short Blades
  5469 | D:6      | Reached skill level 1 in Shapeshifting
  5637 | D:6      | Found a sand-covered staircase.
  5676 | Ossuary  | Entered an ossuary
  5913 | Ossuary  | Reached XP level 9. HP: 16/47 MP: 22/24
  6326 | D:6      | Found a hazy altar of Hepliaklqana.
  6425 | D:7      | Gained mutation: Your spells are a little harder to cast,
                  | but a little more powerful. [potion of mutation]
  6425 | D:7      | Gained mutation: You have hidden genetic defects. [potion
                  | of mutation]
  6425 | D:7      | Gained mutation: You have supernaturally acute eyesight.
                  | (SInv) [potion of mutation]
  6441 | D:7      | Reached skill level 5 in Short Blades
  6441 | D:7      | Reached skill level 5 in Shapeshifting
  6454 | D:7      | Slain by a phantom

Illustrated notes

Levels and vault maps discovered:
D:1:      dpeg_arrival_boxes_within_box, layout_loops_corners
D:2:      layout_rooms, hellmonk_ecumenical_altar_leap_of_faith
D:3:      layout_loops_ring
D:4:      layout_loops_ring, nicolae_shop_sticking_my_neck_out
D:5:      layout_cave_pods, uniq_blork_the_orc
D:6:      layout_basic, nicolae_hepliaklqana_monster_ancestors, enter_ossuary_3,
          nrook_mini_vaults
D:7:      layout_cave_pools, minmay_temple_entry_crystal_x

Skill      XL: |  1  2  3  4  5  6  7  8  9 |
---------------+----------------------------+-----
Fighting       | 1 |  1.0
Conjurations   | 2 3 |  3.0
Stealth        | 3 4 5 |  5.0
Dodging        | 3 4 5 |  5.0
Fire Magic     | 6 |  6.0
Spellcasting   | 7 9 |  9.0
Short Blades   | 4 5 |  5.2
Shapeshifting  | 4 5 |  5.2

Action                     |  1- 3 |  4- 6 |  7- 9 || total
---------------------------+-------+-------+-------++-------
  Melee: Unarmed           |     7 |     5 |       ||    12
         Short sword       |       |     1 |    43 ||    44
         Punch             |       |     1 |       ||     1
   Cast: Foxfire           |    52 |    65 |    45 ||   162
         Scorch            |    11 |    29 |    39 ||    79
         Flame Wave        |       |     1 |    11 ||    12
    Use: Scroll            |     6 |     2 |     5 ||    13
         Potion            |       |       |     2 ||     2
   Stab: Sleeping          |     1 |       |     5 ||     6
 Armour: Robe              |    17 |    10 |    40 ||    67
  Dodge: Dodged            |    13 |    16 |    53 ||    82
